 Seeded DCSS version 0.29.0-11-gd7f09526c8 (webtiles) character file.

Game seed: 3121381558354691732 (custom seed)

179 purpskrrrp the Chopper (level 5, 50/50 HPs)
             Began as a Naga Berserker on Sept 7, 2022.
             Was a Believer of Trog.
             Quit the game on level 4 of the Dungeon.
             The game lasted 00:05:23 (2406 turns).

purpskrrrp the Chopper (Naga Berserker)             Turns: 2406, Time: 00:05:23

Health: 50/50      AC:  9    Str: 32    XL:     5   Next: 59%
Magic:  14/14      EV:  8    Int:  9    God:    Trog [**....]
Gold:   228        SH:  5    Dex: 14    Spells: 4/4 levels left

rFire   . . .      SeeInvis +   a - +2 hand axe
rCold   . . .      Faith    .   (no shield)
rNeg    + . .      Spirit   .   b - +0 animal skin
rPois   +          Reflect  +   t - +0 helmet
rElec   .          Harm     .   (no cloak)
rCorr   .          Rampage  .   (no gloves)
Will    .....      NoTele   +   g - +1 barding of Runases {Slay+3 Stlth+}
Stlth   ++........              d - amulet "Qumodit" {Reflect -Tele rPois rN+ SH+5}
HPRegen 0.16/turn               e - +6 ring of strength
MPRegen 0.14/turn               h - ring "Catidwum" {MP+9 Str+5 Int+2 Dex+3}

@: very slow
A: AC +1, large, see invisible, deformed body, poison resistance, slowness 2,
spit poison 1, naga tail 1
a: Spit Poison, Renounce Religion, Berserk, Trog's Hand


You were on level 4 of the Dungeon.
You worshipped Trog.
Trog was pleased with you.
You visited 1 branch of the dungeon, and saw 4 of its levels.

You collected 228 gold pieces.

Inventory:

Hand Weapons
 a - a +2 hand axe (weapon)
Missiles
 f - 4 throwing nets
Armour
 b - a +0 animal skin (worn)
 g - the +1 barding of Runases (worn) {Slay+3 Stlth+}
   (You acquired it on level 1 of the Dungeon)

   Slay:      It affects your accuracy & damage with ranged weapons and melee
   (+3).
   Stlth:     It makes you more stealthy.
 t - a +0 helmet (worn)
Jewellery
 d - the amulet "Qumodit" (around neck) {Reflect -Tele rPois rN+ SH+5}
   (You acquired it on level 1 of the Dungeon)

   [amulet of reflection]

   It reflects blocked missile attacks.
   rPois:     It protects you from poison.
   rN:        It protects you from negative energy.
   -Tele:     It prevents most forms of teleportation.
   SH:        It affects your SH (+5).
 e - a +6 ring of strength (left hand)
 h - the ring "Catidwum" (right hand) {MP+9 Str+5 Int+2 Dex+3}
   (You acquired it on level 1 of the Dungeon)

   [ring of magical power]

   Str:       It affects your strength (+5).
   Int:       It affects your intelligence (+2).
   Dex:       It affects your dexterity (+3).
   MP:        It affects your magic capacity (+9).
 p - an amulet of reflection
 s - a ring of positive energy
Scrolls
 c - 3 scrolls of identify
 i - 3 scrolls of noise
 l - 2 scrolls of amnesia
 w - a scroll of teleportation
 x - a scroll of vulnerability {unknown}
Potions
 j - a potion of brilliance {unknown}
 k - a potion of magic {unknown}
 m - a potion of flight {unknown}
 n - a potion of curing {unknown}
 o - a potion of invisibility {unknown}
 q - a potion of heal wounds {unknown}
 r - a potion of cancellation {unknown}
 u - a potion of attraction {unknown}
 v - a potion of ambrosia {unknown}


   Skills:
 + Level 3.8 Fighting
 * Level 4.4 Axes
 + Level 2.4 Armour
 + Level 2.4 Dodging


You had 4 spell levels left.
You didn't know any spells.
Your spell library was empty.

Dungeon Overview and Level Annotations

Branches:
Dungeon (4/15)
 Temple: D:4-7

Altars:
Trog

Shops:
D:3 *


Innate Abilities, Weirdness & Mutations

Your serpentine skin is tough. (AC +1)
You have supernaturally acute eyesight. (SInv)
Armour fits poorly on your strangely shaped body.
Your system is resistant to poisons. (rPois)
You cover ground very slowly.
You can spit poison.
You have a snake-like lower body.


Message History

x - a scroll labelled DEURAY QUCUSK A hobgoblin comes into view.
A hobgoblin is nearby!
A hobgoblin is nearby!
A hobgoblin is nearby!
You barely miss the hobgoblin.
The hobgoblin shouts!
The hobgoblin barely misses you.
You hit the hobgoblin.
You kill the hobgoblin!
Trog accepts your kill.
No target in view!
No target in view!
No target in view!
No target in view!
No target in view!
No target in view!
No target in view!
No target in view!
No target in view!
No target in view!
No target in view!
You see here a hobgoblin corpse.
Found a stone staircase leading up.
There is a stone staircase leading up here.
Done exploring.
Done exploring.
Done exploring.
Done exploring.
No target in view!
Done exploring.
You enter a teleport trap!
The teleport trap disappears.
Things that are here:
a +0 giant spiked club; an ogre skeleton You see here a jackal skeleton.
There is a stone staircase leading down here.
You climb downwards.
Found a scroll of teleportation.
There is a stone staircase leading up here.
Are you sure you want to abandon this character and quit the game? (Confirm with "yes".)

## .# .#
.# .#
##+## .#
#.....##.#
#......@.#
#.....####
#.... #..?
###


There were no monsters in sight!

Vanquished Creatures
  An ogre (D:3)
  3 adders (D:2)
  4 worms
  A dart slug (D:3)
  An orc (D:3)
  5 endoplasms
  A giant cockroach (D:3)
  7 goblins
  4 hobgoblins
  10 jackals
  3 ball pythons
  7 bats
  3 frilled lizards
  5 rats
55 creatures vanquished.

Notes
Turn   | Place    | Note
-------+----------+-------------------------------------------
     0 | D:1      | purpskrrrp the Naga Berserker began the quest for the Orb.
     0 | D:1      | Reached XP level 1. HP: 21/21 MP: 1/1
   157 | D:1      | Found a faded altar of an unknown god.
   223 | D:1      | Reached XP level 2. HP: 20/28 MP: 2/2
   228 | D:1      | Identified 3 scrolls of acquirement
   228 | D:1      | Acquired the +1 barding of Runases {Slay+3 Stlth+}
   234 | D:1      | Acquired the ring "Catidwum" {MP+9 Str+5 Int+2 Dex+3}
   237 | D:1      | Acquired the amulet "Qumodit" {Reflect -Tele rPois rN+
                  | SH+5}
   755 | D:2      | Reached XP level 3. HP: 29/34 MP: 3/3
   943 | D:2      | Found a bloodstained altar of Trog.
   949 | D:2      | Reached ** piety under Trog
  1451 | D:2      | Reached XP level 4. HP: 40/42 MP: 4/4
  2074 | D:3      | Reached skill level 4 in Axes
  2206 | D:3      | Noticed an ogre
  2210 | D:3      | Killed an ogre
  2211 | D:3      | Reached XP level 5. HP: 48/50 MP: 5/5
  2264 | D:3      | Found Isonomam's Assorted Antiques.
  2406 | D:4      | Quit the game

Illustrated notes

Levels and vault maps discovered:
D:1:      minmay_arrival_glassed_features, layout_loops_ring,
          shapermc_ecumenical_altar_rom_forum, nicolae_kite_square_tiling_tiny
D:2:      layout_basic, basic_altar
D:3:      layout_rooms, serial_shops, nicolae_shop_hallway_stairs
D:4:      layout_basic, okawaru_altar_gauntlet_db, dreamdust_gnoll_farm,
          uniq_sigmund, uniq_robin

Skill      XL: |  1  2  3  4 |
---------------+-------------+-----
Armour         | 2 |  2.4
Dodging        | 2 |  2.4
Axes           | 4 |  4.4
Fighting       | |  3.8

Action                   |  1- 3 |  4- 6 || total
-------------------------+-------+-------++-------
Melee: Hand axe          |    69 |    52 ||   121
       Punch             |       |     1 ||     1
 Abil: Spit Poison       |       |     1 ||     1
  Use: Scroll            |     3 |     8 ||    11
 Stab: Sleeping          |     4 |     2 ||     6
Armor: Animal skin       |    24 |    21 ||    45
Dodge: Dodged            |    26 |    26 ||    52
Block: Other             |    14 |    10 ||    24
